 Dungeon Crawl Stone Soup version 0.29-a0-219-g0a02b1cf4f (webtiles) character file.

Game seed: 10187751235187989485

726 Inarius the Chopper (level 7, -2/54 HPs)
             Began as a Demonspawn Fighter on Feb 25, 2022.
             Succumbed to Duvessa's poison
             ... on level 4 of the Dungeon.
             The game lasted 00:03:48 (3035 turns).

Inarius the Chopper (Demonspawn Fighter)            Turns: 3035, Time: 00:03:49

Health: -2/54      AC: 12    Str: 19    XL:     7   Next: 44%
Magic:  5/7        EV:  7    Int:  9    God:
Gold:   128        SH:  4    Dex: 12    Spells: 6/6 levels left

rFire   + . .      SeeInvis .   a - +0 war axe
rCold   + . .      Faith    .   c - +0 buckler
rNeg    . . .      Spirit   +   r - +1 chain mail {Will+}
rPois   +          Reflect  .   (helmet restricted)
rElec   +          Harm     .   (no cloak)
rCorr   +          Rampage  .   f - +0 pair of gloves
Will    +....                   (no boots)
Stlth   ..........              (no amulet)
HPRegen 0.18/turn               (no ring)
MPRegen 0.20/turn               (no ring)

@: mighty, lethally poisoned (-2 -> -18), resistant, flying
A: horns 1, rugged brown scales 1, powered by death 1, magic shield, magic
regeneration
a: no special abilities


You were on level 4 of the Dungeon.
You visited 1 branch of the dungeon, and saw 4 of its levels.

You collected 128 gold pieces.

Inventory:

Hand Weapons
 a - a +0 war axe (weapon)
 v - a +0 whip of flaming
Armour
 c - a +0 buckler (worn)
 f - a +0 pair of gloves (worn)
 r - a +1 chain mail of willpower (worn)
Wands
 s - a wand of flame (6) (quivered)
Scrolls
 b - a scroll of fear {unknown}
 e - a scroll of enchant weapon {unknown}
 g - 2 scrolls of identify {unknown}
 i - a scroll of fog {unknown}
 k - 2 scrolls of teleportation {unknown}
 l - a scroll of vulnerability {unknown}
 m - a scroll of amnesia {unknown}
 p - a scroll of torment {unknown}
 u - a scroll of immolation {unknown}
Potions
 j - a potion of degeneration {unknown}
 o - a potion of mutation {unknown}
 q - a potion of cancellation {unknown}
 t - a potion of berserk rage {unknown}


   Skills:
 + Level 3.9 Fighting
 * Level 6.4 Axes
 + Level 3.8 Armour
 + Level 3.3 Shields
 + Level 0.5 Evocations


You had 6 spell levels left.
You didn't know any spells.
Your spell library was empty.

Dungeon Overview and Level Annotations

Branches:
Dungeon (4/15)
 Temple: D:4-7

Altars:

Annotations:
D:4 Dowan, Duvessa


Innate Abilities, Weirdness & Mutations

You have a pair of small horns on your head.
You are partially covered in rugged brown scales. (AC +1, +3% HP)
You regenerate a little health from kills.
When hurt, damage is shared between your health and your magic reserves.
You regenerate magic rapidly.


Message History

Duvessa closely misses you.
You barely miss Duvessa. You headbutt Duvessa, but do no damage.
Duvessa is moderately wounded.
Duvessa hits you with a +4 short sword of venom.
Duvessa hits you but does no damage.
You closely miss Duvessa.
Duvessa is moderately wounded.
Duvessa hits you with a +4 short sword of venom.
You are poisoned.
You hit Duvessa but do no damage.
Duvessa is moderately wounded.
You feel very sick.
Duvessa hits you with a +4 short sword of venom.
You are more poisoned.
You hit Duvessa but do no damage.
Duvessa is moderately wounded.
You feel very sick.
Duvessa hits you with a +4 short sword of venom.
You are more poisoned.
Duvessa hits you with a +4 short sword of venom!
You are lethally poisoned!
You feel very mighty all of a sudden.
You feel extremely sick.
Duvessa hits you with a +4 short sword of venom.
* * * LOW HITPOINT WARNING * * *
You hit Duvessa. Your headbutt misses Duvessa.
Duvessa is heavily wounded.
* * * LOW HITPOINT WARNING * * *
You feel extremely sick. You block Duvessa's attack.
It was a potion of flight.
You feel very buoyant.
You fly up into the air.
* * * LOW HITPOINT WARNING * * *
You feel very sick.
Dowan, Brother of Duvessa comes into view.
He is wielding a +0 dagger.
Duvessa barely misses you.
It was a potion of resistance.
You feel protected.
You die...

.#.#. .##.. ... ....[[.
.... ........##.#.#.##...
........##.#.....:.
............. .....
............# #.#.#
#............###e#.##
.#............e@.....###.
.......##.................
#............###.#..###..
###.........##..##.#.....
..........†.##))##.##.####
..............)<)..# .#
............#.#..#.# .#
...................# ..
.......†...........#


You could see Duvessa and Dowan (wandering).

Vanquished Creatures
  Pikel (D:3)
  A scorpion (D:3)
  An iguana (D:4)
  Ijyb (D:3)
  An orc wizard (D:3)
  4 adders
  4 worms (D:2)
  A dart slug (D:4)
  11 orcs
  5 ball pythons
  7 endoplasms
  5 giant cockroaches
  6 goblins
  3 hobgoblins
  6 jackals (D:1)
  4 quokkas
  5 bats
  2 frilled lizards (D:3)
  4 kobolds (D:1)
  4 rats
76 creatures vanquished.

Notes
Turn   | Place    | Note
-------+----------+-------------------------------------------
     0 | D:1      | Inarius the Demonspawn Fighter began the quest for the Orb.
     0 | D:1      | Reached XP level 1. HP: 18/18 MP: 1/1
    63 | D:1      | Gained mutation: You regenerate magic rapidly. [demonic
                  | ancestry]
    63 | D:1      | Reached XP level 2. HP: 15/24 MP: 2/2
   173 | D:1      | Reached skill level 2 in Axes
   531 | D:1      | Gained mutation: You regenerate a little health from kills.
                  | [demonic ancestry]
   531 | D:1      | Reached XP level 3. HP: 29/29 MP: 3/3
   770 | D:1      | Found a faded altar of an unknown god.
  1309 | D:2      | Reached skill level 3 in Axes
  1637 | D:2      | Reached XP level 4. HP: 31/35 MP: 4/4
  2217 | D:3      | Noticed Ijyb
  2256 | D:3      | Killed Ijyb
  2529 | D:3      | Noticed a water moccasin
  2654 | D:3      | Gained mutation: You are partially covered in rugged brown
                  | scales. (AC +1, +3% HP) [demonic ancestry]
  2654 | D:3      | Reached XP level 5. HP: 33/42 MP: 5/5
  2662 | D:3      | Reached skill level 4 in Axes
  2887 | D:4      | Gained mutation: When hurt, damage is shared between your
                  | health and your magic reserves. [demonic ancestry]
  2887 | D:4      | Reached XP level 6. HP: 48/48 MP: 6/6
  2887 | D:4      | Noticed Pikel
  2904 | D:3      | Killed Pikel
  2905 | D:3      | Reached skill level 6 in Axes
  2905 | D:3      | Gained mutation: You have a pair of small horns on your
                  | head. [demonic ancestry]
  2905 | D:3      | Reached XP level 7. HP: 35/54 MP: 5/7
  3012 | D:4      | Noticed Duvessa
  3034 | D:4      | HP: 2/54 [poisoned by Duvessa]
  3034 | D:4      | Noticed Dowan
  3035 | D:4      | Succumbed to Duvessa's poison

Illustrated notes

Levels and vault maps discovered:
D:1:      giann_forest_graveyard, layout_basic, shapermc_ecumenical_altar_ellora
D:2:      layout_loops_ring, nicolae_wormholes
D:3:      kennysheep_big_flooded_room, layout_rooms, lightli_corner_chamber,
          uniq_ijyb
D:4:      layout_basic, mainiacjoe_overflow_six_doors_small,
          minmay_temple_entry_nine_rooms, serial_curves, eino_curves_02,
          eino_curves_02, serial_shops, shop, uniq_sigmund, uniq_duvessa,
          uniq_pikel, uniq_natasha

Skill      XL: |  1  2  3  4  5  6 |
---------------+-------------------+-----
Axes           | 2 3 4 6 |  6.4
Armour         | 3 |  3.8
Shields        | 3 |  3.3
Fighting       | |  3.9
Evocations     | |  0.5

Action                   |  1- 3 |  4- 6 |  7- 9 || total
-------------------------+-------+-------+-------++-------
Melee: War axe           |    93 |   107 |     8 ||   208
       Headbutt          |       |       |     3 ||     3
Evoke: Wand              |       |     6 |     5 ||    11
  Use: Potion            |     1 |       |     3 ||     4
Armor: Scale mail        |    40 |    22 |       ||    62
       Chain mail        |       |    54 |     1 ||    55
Dodge: Dodged            |    32 |    52 |     4 ||    88
Block: Buckler           |    27 |    27 |     1 ||    55

Table legend: (Time is in decaauts)
 A = Elapsed time spent in this place.
 B = Non-inter-level travel time spent in this place.
 C = Inter-level travel time spent in this place.
 D = Time resting spent in this place.
 E = Time spent auto-exploring this place.
 F = Levels seen in this place.
 G = Mean time per level.
                   A        B        C        D        E       F      G
               +--------+--------+--------+--------+--------+-----+--------+
         Total |   3118 |   3033 |     85 |    407 |   1973 |   4 |  779.5 |
       Dungeon |   3118 |   3033 |     85 |    407 |   1973 |   4 |  779.5 |
               +--------+--------+--------+--------+--------+-----+--------+

Top non-repeatable levels by time:
     D:1: 1109 daAuts
     D:3: 1009 daAuts
     D:2: 900 daAuts
     D:4: 98 daAuts
